cohdb
Replays
Latest Replays
All Replays
Popular Replays
Top Player Replays
Match Explorer
How It Works
Community
CoH3 Stats
Reddit
Sign in to upload your games and track your stats! →
Sign in with Steam
Match 42979897
Unlisted
Match 42979897
Overview
Messages
Build Orders
End
Kettenkrad Recon Vehicle
Construct Infanterie Kompanie
Construct Infanterie Kompanie
MG 42 Machine Gun Team
Grenadier Squad
Grenadier Squad
Construct Luftwaffe Kompanie
Sniper
Medical Station
221 Scout Car
Support Elements
Wirbelwind Flakpanzer
Selects Breakthrough Battlegroup
Selects Rapid Production
Selects Assault Grenadiers
Marder III M Tank Destroyer
P Guard
Sarpistic
10bones88
DOLPHSTALLONE
Reztes
admiral_gnar
0
0
Comments
sign in to comment!
No comments posted yet!